 Dungeon Crawl Stone Soup version 0.28-a0-631-g0446da8ef9 (webtiles) character file.

Game seed: 302933591324682483

1990 funkygono the Thaumaturge (level 9, -1/45 HPs)
             Began as a Deep Elf Fire Elementalist on Oct 9, 2021.
             Slain by a gnoll sergeant (8 damage)
             ... on level 8 of the Dungeon on Oct 10, 2021.
             The game lasted 00:13:24 (6570 turns).

funkygono the Thaumaturge (DEFE)                    Turns: 6570, Time: 00:13:24

Health: -1/45      AC:  8    Str:  4    XL:     9   Next: 1%
Magic:  13/24      EV: 13    Int: 23    God:
Gold:   168        SH:  0    Dex: 16    Spells: 14/27 levels left

rFire   + . .      SeeInvis .   m - +6 dagger (flame)
rCold   x . .      Faith    .   (no shield)
rNeg    + . .      Spirit   .   a - +0 robe
rPois   +          Reflect  .   n - +1 helmet
rElec   .          Harm     .   d - +2 ratskin cloak {*Rats rPois rN+ Str-1 Int-1 Dex+1}
rCorr   .          Rampage  .   k - +0 pair of gloves
Will    .....                   (no boots)
Stlth   ++........              (no amulet)
HPRegen 0.15/turn               l - ring of fire
MPRegen 0.19/turn               s - ring of flight

@: lethally poisoned (-1 -> -7), flying
A: no striking features
a: no special abilities


You were on level 8 of the Dungeon.
You visited 2 branches of the dungeon, and saw 9 of its levels.

You collected 276 gold pieces.
You spent 108 gold pieces at shops.

Inventory:

Hand Weapons
 m - a +6 dagger of flaming (weapon)
Missiles
 g - 243 stones
Armour
 a - a +0 robe (worn)
 d - the +2 ratskin cloak (worn) {*Rats rPois rN+ Str-1 Int-1 Dex+1}
   (You acquired it on level 3 of the Dungeon)

   When the wearer is hurt, rats may emerge from it to assist them.
   Str:       It affects your strength (-1).
   Int:       It affects your intelligence (-1).
   Dex:       It affects your dexterity (+1).
   rPois:     It protects you from poison.
   rN:        It protects you from negative energy.
 e - a +0 tower shield
 k - a +0 pair of gloves (worn)
 n - a +1 helmet (worn)
 o - a +0 leather armour
Magical Staves
 r - a staff of fire
Jewellery
 l - a ring of fire (left hand)
 p - a ring of ice
 s - a ring of flight (right hand)
 t - an amulet of faith
 x - a ring of willpower
 y - a ring of protection from cold
Wands
 v - a wand of paralysis (8)
 w - a wand of flame (32)
Scrolls
 c - 3 scrolls of fog
Potions
 b - 2 potions of heal wounds
 f - a potion of ambrosia
 h - 4 potions of lignification
 i - 2 potions of might
 j - a potion of berserk rage
 q - a potion of brilliance {unknown}
 u - a potion of attraction {unknown}
 z - 2 potions of curing {unknown}


   Skills:
 + Level 0.1 Fighting
 + Level 0.7 Short Blades
 + Level 2.9 Dodging
 - Level 2.4 Stealth
 * Level 9.6 Spellcasting
 * Level 6.3 Conjurations
 * Level 7.4 Fire Magic
 * Level 4.0 Earth Magic


You had 14 spell levels left.
You knew the following spells:

 Your Spells              Type           Power      Damage    Failure   Level
a - Foxfire               Conj/Fire      100%       2x1d9     1%          1
b - Scorch                Fire           100%       2d10      1%          2
c - Conjure Flame         Conj/Fire      59%        6-21      1%          3
d - Flame Wave            Conj/Fire      59%        3d11      3%          4
e - Stone Arrow           Conj/Erth      68%        3d11      1%          3

Your spell library contained the following spells:

 Spells                   Type           Power      Damage    Failure   Level
 Sandblast                Erth           58%        2d13      1%          1
 Passwall                 Tmut/Erth      16%        N/A       3%          2
 Inner Flame              Hex/Fire       42%        N/A       3%          3
 Corpse Rot               Necr/Air       N/A        N/A       9%          2
 Poisonous Vapours        Pois/Air       22%        N/A       9%          2
 Portal Projectile        Hex/Tloc       22%        N/A       17%         3
 Animate Armour           Summ/Erth      40%        N/A       26%         4
 Blade Hands              Tmut           5%         N/A       85%         5
 Excruciating Wounds      Necr           5%         N/A       85%         5
 Lehudib's Crystal Spear  Conj/Erth      17%        10d5      100%        8


Dungeon Overview and Level Annotations

Branches:
Dungeon (9/15)             Temple (1/1) D:5
   Lair: D:8-11         Orc: D:9-12

Altars:
Ashenzari
Cheibriados
Dithmenos
Fedhas
Gozag
Hepliaklqana
Kikubaaqudgha
Makhleb
Nemelex Xobeh
Okawaru
Qazlal
Sif Muna
Trog
Uskayaw
Wu Jian
Xom
Yredelemnul
Zin
The Shining One
Beogh

Shops:
D:4 [   D:5 =*

Annotations:
D:4 3 runed translucent doors, yegreS's ghost, weakling MiFi
D:6 2 transporters, sn0wgr3's ghost, novice GrFi


Message History

A river rat scurries out from under your cloak.
Casting: Foxfire (safe; 1% risk of failure)
Confirm with . or Enter, or press ? or * to list all spells.
You feel a surge of power!
You conjure some foxfire!
The foxfire hits the gnoll.
The gnoll is almost dead.
The foxfire hits the gnoll but does no damage.
The gnoll is almost dead.
The gnoll closely misses you. The white imp misses you.
The gnoll sergeant hits you from afar with a +3 spear of venom.
You are poisoned.
Casting: Foxfire (safe; 1% risk of failure)
Confirm with . or Enter, or press ? or * to list all spells.
You feel a surge of power!
You conjure some foxfire!
You feel very sick.
The foxfire hits the gnoll.
You kill the gnoll!
The foxfire hits the white imp.
The white imp is burned terribly!
The white imp is heavily wounded.
The white imp barely misses you. The gnoll sergeant barely misses you.
Casting: Foxfire (safe; 1% risk of failure)
Confirm with . or Enter, or press ? or * to list all spells.
You feel a surge of power!
You conjure some foxfire!
You feel sick.
The foxfire hits the white imp.
The white imp is burned terribly!
You kill the white imp!
The gnoll sergeant hits you from afar with a +3 spear of venom!
* * * LOW HITPOINT WARNING * * *
Casting: Foxfire (safe; 1% risk of failure)
Confirm with . or Enter, or press ? or * to list all spells.
You feel a surge of power!
You conjure some foxfire!
* * * LOW HITPOINT WARNING * * *
You feel sick.
The foxfire hits the gnoll sergeant.
The gnoll sergeant is lightly wounded.
The foxfire hits the gnoll sergeant but does no damage.
The gnoll sergeant is lightly wounded.
The foxfire hits the gnoll sergeant but does no damage.
The gnoll sergeant is lightly wounded.
Your river rat bites the gnoll sergeant.
The gnoll sergeant hits you from afar with a +3 spear of venom!
You die...

..............
.............#
.............#
.............#
.............#
.....g.§.....##
...."r.§§......
#<...§.@v......
###...§v§..####
......######
..#### .


You could see a gnoll sergeant (ally target) and a friendly river rat.

Vanquished Creatures
  A shadow (D:9)
  3 sky beasts
  A black bear (D:5)
  An ogre (D:6)
  2 necrophages
  2 phantoms
  2 bullfrogs
  A wyvern zombie (D:6)
  3 orc priests (D:4)
  A hound (D:5)
  A centaur skeleton (D:6)
  2 gnoll shamans
  A bullfrog skeleton (D:3)
  6 iguanas
  An orc wizard (D:4)
  A howler monkey zombie (D:5)
  19 gnolls
  7 adders
  2 shadow imps (D:5)
  A white imp (D:8)
  An adder skeleton (D:4)
  A worm (D:3)
  3 dart slugs
  13 orcs
  3 bats
  5 endoplasms
  5 giant cockroaches
  6 goblins
  3 hobgoblins
  3 jackals (D:1)
  5 quokkas
  3 ball pythons
  A frilled lizard (D:3)
  2 kobolds
  3 rats
115 creatures vanquished.

Vanquished Creatures (collateral kills)
  A centaur (D:9)
  A howler monkey (D:9)
2 creatures vanquished.

Vanquished Creatures (others)
  407 foxfires
407 creatures vanquished.

Grand Total: 524 creatures vanquished

Notes
Turn   | Place    | Note
-------+----------+-------------------------------------------
     0 | D:1      | funkygono the Deep Elf Fire Elementalist began the quest
                  | for the Orb.
     0 | D:1      | Reached XP level 1. HP: 10/10 MP: 6/6
   216 | D:1      | Reached XP level 2. HP: 15/15 MP: 2/8
   466 | D:1      | Learned a level 2 spell: Scorch
   522 | D:1      | Found a faded altar of an unknown god.
   616 | D:1      | You fall into a shaft and drop 1 floor!
  1078 | D:2      | Reached XP level 3. HP: 19/19 MP: 7/10
  1082 | D:2      | Learned a level 3 spell: Stone Arrow
  1486 | D:2      | Found a shimmering blue altar of Sif Muna.
  1759 | D:2      | Learned a level 3 spell: Conjure Flame
  1823 | D:3      | Noticed a necrophage
  1829 | D:3      | Killed a necrophage
  1830 | D:3      | Reached skill level 4 in Spellcasting
  1830 | D:3      | Reached XP level 4. HP: 24/24 MP: 4/12
  1937 | D:3      | Reached XP level 5. HP: 28/28 MP: 10/14
  1939 | D:3      | Reached skill level 1 in Earth Magic
  1946 | D:3      | Reached skill level 5 in Spellcasting
  2431 | D:3      | Reached skill level 5 in Fire Magic
  2818 | D:3      | Reached XP level 6. HP: 32/32 MP: 12/16
  3055 | D:3      | Found a sparkling altar of Nemelex Xobeh.
  3270 | D:3      | Reached skill level 6 in Spellcasting
  3358 | D:3      | Identified a scroll of acquirement
  3358 | D:3      | Acquired the +2 ratskin cloak {*Rats rPois rN+ Str-1 Int-1
                  | Dex+1}
  3358 | D:3      | Found the +2 ratskin cloak {*Rats rPois rN+ Str-1 Int-1
                  | Dex+1}
  3380 | D:4      | Noticed a sky beast
  3387 | D:4      | Killed a sky beast
  3483 | D:4      | Reached XP level 7. HP: 23/36 MP: 5/18
  3751 | D:4      | Found Hoiciunna's Armour Shoppe.
  3794 | D:4      | Bought a +0 pair of gloves for 54 gold pieces
  3794 | D:4      | Bought a +0 helmet for 54 gold pieces
  3854 | D:4      | Learned a level 4 spell: Flame Wave
  4019 | D:4      | Found a runed translucent gate.
  4020 | D:4      | Found a runed translucent gate.
  4021 | D:4      | Found a runed translucent gate.
  4022 | D:4      | Noticed yegreS's ghost (weakling MiFi)
  4227 | D:5      | Entered Level 5 of the Dungeon
  4283 | D:5      | Reached skill level 7 in Spellcasting
  4516 | D:5      | Found Hatack's Assorted Antiques.
  4523 | D:5      | Found a staircase to the Ecumenical Temple.
  4644 | Temple   | Entered the Ecumenical Temple
  4854 | D:5      | Found Camue's Jewellery Emporium.
  5245 | D:6      | Reached XP level 8. HP: 41/41 MP: 6/21
  5368 | D:6      | Reached skill level 8 in Spellcasting
  5371 | D:6      | Reached skill level 5 in Conjurations
  5663 | D:6      | Noticed sn0wgr3's ghost (novice GrFi)
  5664 | D:6      | Found a transporter.
  5669 | D:6      | Found a transporter.
  5981 | D:6      | Reached skill level 9 in Spellcasting
  6209 | D:6      | Found a glowing silver altar of Zin.
  6236 | D:6      | You are sucked into a shaft and drop 3 floors!
  6236 | D:9      | Found a hazy altar of Hepliaklqana.
  6560 | D:8      | Reached XP level 9. HP: 45/45 MP: 21/24
  6570 | D:8      | Slain by a gnoll sergeant

Illustrated notes

Levels and vault maps discovered:
D:1:      dpeg_arrival_three_same_balls, layout_rooms,
          shapermc_ecumenical_altar_mp_highgroup, grunt_decor_mini_mirrors
D:2:      layout_loops_cross, basic_altar
D:3:      layout_basic, mainiacjoe_overflow_alcove_4, minmay_pentangle
D:4:      layout_rooms, biasface_ghost_orc_armoury, serial_shops,
          nicolae_shop_stone
D:5:      layout_basic, minmay_temple_entry_grid, serial_shops,
          kennysheep_mini_moat, minmay_shop_enchanted_jewellery,
          grunt_ministairs_5
D:6:      layout_gridville, mainiacjoe_overflow_24_doors, gammafunk_ghost_arena,
          roderic_roman_lattice
D:8:      layout_rooms, serial_shops,
          nicolae_shop_temple_entry_statues_fountains, minmay_small_thing
D:9:      layout_loops_cross, lemuel_coloured_pillars_altar, enter_bailey_2
Temple:   eino_temple_rhombus

Skill      XL: |  1  2  3  4  5  6  7  8 |
---------------+-------------------------+-----
Fire Magic     | 4 5 6 7 |  7.4
Conjurations   | 2 3 4 6 |  6.3
Spellcasting   | 4 5 6 7 9 |  9.6
Earth Magic    | 1 2 4 |  4.0
Fighting       | |  0.1
Short Blades   | |  0.7
Dodging        | |  2.9
Stealth        | |  2.4

Action                   |  1- 3 |  4- 6 |  7- 9 || total
-------------------------+-------+-------+-------++-------
Melee: Short sword       |     1 |       |       ||     1
       Dagger            |       |     2 |     8 ||    10
 Cast: Foxfire           |    49 |    70 |   116 ||   235
       Scorch            |     8 |     7 |     1 ||    16
       Stone Arrow       |       |     2 |    25 ||    27
       Flame Wave        |       |       |     1 ||     1
  Use: Scroll            |     6 |     8 |     3 ||    17
Armor: Robe              |       |       |    10 ||    10
Dodge: Dodged            |     2 |     4 |    32 ||    38

Table legend: (Time is in decaauts)
 A = Elapsed time spent in this place.
 B = Non-inter-level travel time spent in this place.
 C = Inter-level travel time spent in this place.
 D = Time resting spent in this place.
 E = Time spent auto-exploring this place.
 F = Levels seen in this place.
 G = Mean time per level.
                   A        B        C        D        E       F      G
               +--------+--------+--------+--------+--------+-----+--------+
         Total |   6567 |   6437 |    130 |    282 |   5394 |   9 |  729.7 |
       Dungeon |   6376 |   6262 |    114 |    282 |   5231 |   8 |  797.0 |
        Temple |    191 |    175 |     16 |      0 |    163 |   1 |  191.0 |
               +--------+--------+--------+--------+--------+-----+--------+

Top non-repeatable levels by time:
     D:3: 1601 daAuts
     D:6: 1007 daAuts
     D:2: 896 daAuts
     D:1: 879 daAuts
     D:4: 847 daAuts
     D:5: 809 daAuts
     D:9: 320 daAuts
  Temple: 191 daAuts
     D:8: 12 daAuts
